 Dungeon Crawl Stone Soup version 0.29.0-4-gdea44cf6ec (webtiles) character file.

Game seed: 7216519195173074180

44 qw the Chopper (level 3, 0/29 HPs)
             Began as a Formicid Cinder Acolyte on Sept 3, 2022.
             Was a High Priest of Ignis.
             Succumbed to an adder's poison
             ... on level 2 of the Dungeon.
             The game lasted 00:00:39 (1310 turns).

qw the Chopper (Formicid Cinder Acolyte)            Turns: 1310, Time: 00:00:39

Health: 0/29       AC:  5    Str: 20    XL:     3   Next: 87%
Magic:  4/4        EV: 11    Int: 13    God:    Ignis [*****.]
Gold:   25         SH:  0    Dex: 15    Spells: 4/4 levels left

rFire   + . .      SeeInvis +   Y - +0 hand axe (flame)
rCold   . . .      Faith    .   (no shield)
rNeg    . . .      Spirit   .   d - +0 ring mail
rPois   .          Reflect  .   (helmet unavailable)
rElec   .          Harm     .   (no cloak)
rCorr   .          Rampage  .   (no gloves)
Will    .....                   (no boots)
Stlth   +.........              (no amulet)
HPRegen 0.09/turn               e - +6 ring of dexterity
MPRegen 0.09/turn               (no ring)

@: lethally poisoned (0 -> -2)
A: permanent stasis, dig shafts and tunnels, antennae 3, four strong arms
a: Dig, Shaft Self, Renounce Religion, Fiery Armour, Foxfire Swarm, Rising Flame


You were on level 2 of the Dungeon.
You worshipped Ignis.
Ignis was extremely pleased with you.
You visited 1 branch of the dungeon, and saw 2 of its levels.

You collected 25 gold pieces.


Innate Abilities, Weirdness & Mutations

You cannot be hasted, slowed, berserked, paralysed or teleported.
You can dig through walls and to a lower floor.
You have a pair of large antennae on your head. (SInv)
Your four strong arms can wield two-handed weapons with a shield.


   Skills:
 - Level 3.2 Fighting
 + Level 4.1 Axes
 - Level 1.0 Armour
 - Level 1.0 Dodging
 - Level 1.1 Spellcasting
 - Level 3.0 Fire Magic


You had 4 spell levels left.
You didn't know any spells.
Your spell library contained the following spells:

 Spells                   Type           Power      Damage    Failure   Level
 Scorch                   Fire           16%        2d6       21%         2

Inventory:

Hand Weapons
 Y - a +0 hand axe of flaming (weapon)
Armour
 d - a +0 ring mail (worn)
Jewellery
 e - a +6 ring of dexterity (left hand)
Potions
 f - a potion of invisibility {unknown}
 h - a potion of curing {unknown}
 i - a potion of resistance {unknown}
 j - a potion of cancellation {unknown}

Dungeon Overview and Level Annotations

Branches:
Dungeon (2/15)

Altars:


Message History

Assign waypoint to what number? (0-9, D - delete waypoint) Waypoint 1 assigned to D:2.
An adder is nearby!
The adder bites you.
You are poisoned.
The adder poisons you!
You hit the adder. You burn the adder.
The adder is almost dead.
You feel sick. The adder completely misses you.
You barely miss the adder.
The adder is severely wounded.
You feel sick. The adder bites you. x2
You are more poisoned.
The adder poisons you!
You hit the adder but do no damage.
The adder is severely wounded.
You feel very sick. The adder bites you.
You are lethally poisoned!
The adder poisons you!
You hit the adder. You burn the adder.
You kill the adder!
You feel very sick.
Your Armour skill increases to level 1!
There is a lethal amount of poison in your body!
You feel sick.
There is a lethal amount of poison in your body!
You feel very sick.
There is a lethal amount of poison in your body!
You feel sick.
There is a lethal amount of poison in your body!
You feel sick.
There is a lethal amount of poison in your body!
You feel sick.
There is a lethal amount of poison in your body!
You feel sick.
There is a lethal amount of poison in your body!
You feel sick.
There is a lethal amount of poison in your body!
You die...

# ##. .. ..
# . .###.#
...
..#.#....
###........
#.<@.#
#.#....#
.....####
###.### #.
#. #. #.


There were no monsters in sight!

Vanquished Creatures
  A gnoll (D:1)
  An adder (D:2)
  3 endoplasms (D:1)
  2 giant cockroaches (D:1)
  3 goblins (D:1)
  A hobgoblin (D:1)
  7 ball pythons (D:1)
  A bat (D:1)
  2 frilled lizards (D:1)
  3 kobolds (D:1)
  2 rats (D:1)
26 creatures vanquished.

Vanquished Creatures (others)
  5 plants (D:1)
5 creatures vanquished.

Grand Total: 31 creatures vanquished

Notes
Turn   | Place    | Note
-------+----------+-------------------------------------------
     0 | D:1      | qw the Formicid Cinder Acolyte began the quest for the Orb.
     0 | D:1      | Reached XP level 1. HP: 18/18 MP: 2/2
     0 | D:1      | 0 ||| qw: Version: 0.1-a-102-g441f92d
     0 | D:1      | 0 ||| qw: Game counter: 5261
     0 | D:1      | 0 ||| qw: Always use a shield: true
     0 | D:1      | 0 ||| qw: God list: Okawaru
     0 | D:1      | 0 ||| qw: Allow faded altars: false
     0 | D:1      | 0 ||| qw: Do Orc after D:15 true
     0 | D:1      | 0 ||| qw: Do second Lair branch before Depths: true
     0 | D:1      | 0 ||| qw: Lair rune preference: random
     0 | D:1      | 0 ||| qw: Plans: Normal
     0 | D:1      | 0 ||| PLANNING D:1-11
   269 | D:1      | Found a faded altar of an unknown god.
   296 | D:1      | Reached XP level 2. HP: 24/24 MP: 3/3
   379 | D:1      | 379 ||| INVOKING Fiery Armour.
   381 | D:1      | Reached skill level 4 in Axes
   381 | D:1      | Reached XP level 3. HP: 10/29 MP: 4/4
   735 | D:1      | 735 ||| Stepping ~*~*~tactically~*~*~ (water).
   826 | D:1      | 826 ||| Stepping ~*~*~tactically~*~*~ (water).
   884 | D:1      | Reached skill level 1 in Dodging
  1022 | D:1      | 1022 ||| Stepping ~*~*~tactically~*~*~ (stealth).
  1066 | D:1      | 1066 ||| Stepping ~*~*~tactically~*~*~ (stealth).
  1273 | D:1      | 1273 ||| UPGRADING to +0 ring mail.
  1283 | D:1      | 1283 ||| DROPPING +0 robe.
  1284 | D:1      | 1284 ||| UPGRADING to +6 ring of dexterity.
  1285 | D:1      | 1285 ||| READING scroll labelled FUEDEEMM FYPAMO.
  1286 | D:1      | 1286 ||| READING scroll labelled VECAUM LETIE.
  1303 | D:2      | Reached skill level 1 in Armour
  1304 | D:2      | HP: 7/29 [poisoned by an adder]
  1307 | D:2      | HP: 3/29 [poisoned by an adder]
  1309 | D:2      | HP: 1/29 [poisoned by an adder]
  1310 | D:2      | Succumbed to an adder's poison

Levels and vault maps discovered:
D:1:      minmay_arrival_diagonal_passages, layout_rooms,
          chequers_ecumenical_altar_island, serial_bayou_lagoon_b
D:2:      layout_loops_cross, minmay_misc_feat_roman

Skill      XL: |  1  2  3 |
---------------+----------+-----
Axes           | 4 |  4.1
Dodging        | 1 |  1.0
Armour         | 1 |  1.0
Fighting       | |  3.2
Spellcasting   | |  1.1
Fire Magic     | |  3.0

Action                   || total
-------------------------++-------
Melee: Hand axe          ||    61
       Punch             ||     2
Invok: Fiery Armour      ||     1
  Use: Scroll            ||     2
Armor: Robe              ||     9
Dodge: Dodged            ||    35

Table legend:
 A = Non-vault XP
 B = Vault XP
 C = Vault XP percentage of total XP
 D = Non-vault monster count
 E = Vault monster count
 F = Vault count percentage of total count
                 A         B        C        D         E       F
            +---------+---------+-------+---------+---------+-------
      Total |      64 |       0 |   0.0 |      26 |       0 |   0.0
            +---------+---------+-------+---------+---------+-------
        D:1 |      51 |       0 |   0.0 |      25 |       0 |   0.0
        D:2 |      13 |       0 |   0.0 |       1 |       0 |   0.0
            +---------+---------+-------+---------+---------+-------
